 Dungeon Crawl Stone Soup version 0.31-a0-174-g85c54bcb58 (webtiles) character file.

Game seed: 1639042357827517894

379 kae the Changer (level 6, 0/47 HPs)
             Began as a Draconian Transmuter on June 14, 2023.
             Succumbed to an adder's poison
             ... on level 4 of the Dungeon on June 15, 2023.
             The game lasted 00:05:29 (3979 turns).

kae the Changer (Draconian Transmuter)              Turns: 3979, Time: 00:05:30

Health: 0/47       AC:  2    Str: 13    XL:     6   Next: 45%
Magic:  8/11       EV: 20    Int: 15    God:
Gold:   265        SH:  0    Dex: 22    Spells: 2/12 levels left

rFire   . .          .
                       - Unarmed
rCold   . . .        (shield currently unavailable)
rNeg    . . .        (body armour unavailable)
rPois   x            (helmet currently unavailable)
rElec   .            (cloak currently unavailable)
rCorr   .            (gloves currently unavailable)
SInv    .            (boots currently unavailable)
Will    .....        (no amulet)
Stlth   ++           D - +6 ring of dexterity
HPRegen 0.27/turn    (no ring)
MPRegen 0.12/turn

%: no passive effects
@: brilliant, lethally poisoned (0 -> -6), spider-form (expiring), wereblooded
A: venomous fangs, AC +6, tiny, unfitting armour, (cold-blooded)
a: End Transformation


You were on level 4 of the Dungeon.
You were a venomous arachnid creature.
You visited 1 branch of the dungeon, and saw 4 of its levels.
You also visited: Sewer.

You collected 265 gold pieces.


Innate Abilities, Weirdness & Mutations

You are a venomous arachnid creature.
You have venomous fangs.
You are tiny and dextrous.
Your spellcasting is less reliable in this form.
Your armour is entirely melded.
You are incapable of wielding weapons or throwing items.
((Your plain brown scales are hard. (AC +6)))
You cannot fit into any form of body armour.
((You are cold-blooded and may be slowed by cold attacks.))


   Skills:
 + Level 1.4 Fighting
 + Level 2.0 Dodging
 * Level 3.3 Unarmed Combat
 + Level 3.5 Spellcasting
 * Level 5.0 Transmutations
 * Level 1.1 Ice Magic
 - Level 2.0 Poison Magic


You had 2 spell levels left.
You knew the following spells:

 Your Spells              Type           Power      Damage    Failure   Level
a - Beastly Appendage     Tmut           52%        N/A       9%          1
b - Wereblood             Tmut           26%        N/A       12%         2
c - Spider Form           Tmut/Pois      19%        N/A       32%         3
d - Ice Form              Ice/Tmut       17%        N/A       69%         4

Your spell library contained the following spells:

 Spells                   Type           Power      Damage    Failure   Level
 Poisonous Vapours        Pois/Air       16%        N/A       38%         2
 Blink                    Tloc           6%         N/A       50%         2
 Mephitic Cloud           Conj/Pois/Air  6%         N/A       63%         3
 Manifold Assault         Tloc           3%         N/A       96%         4
 Freezing Cloud           Conj/Ice/Air   2%         6-21      100%        5
 Storm Form               Tmut/Air       7%         N/A       100%        7

Inventory:

Missiles
 c - 30 stones
 d - 12 poisoned darts
 e - 2 silver javelins
 m - 6 javelins
 n - 5 boomerangs
Magical Staves
 p - a staff of poison {!a}
   (You found it on level 4 of the Dungeon)
Jewellery
 D - a +6 ring of dexterity (left front pincers)
   (You found it on level 1 of the Dungeon)
Wands
 i - a wand of charming (13)
   (You found it on level 3 of the Dungeon)
 o - a wand of flame (13)
   (You found it on level 3 of the Dungeon)
Scrolls
 b - 3 scrolls of identify {@r1}
 h - a scroll of noise {!r}
 k - 6 scrolls of teleportation {@r4}
Potions
 a - 2 potions of lignification {!q}
 f - 3 potions of might
 g - a potion of attraction {!q}
 j - 4 potions of enlightenment
 l - a potion of haste {@q3}

Dungeon Overview and Level Annotations

Branches:
Dungeon (4/15) Zot: 20690   Sewer (visited)
 Temple: D:4-7

Altars:
Hepliaklqana

Shops:
D:2

[ ............... ######
...............# #.....
...............# #.....
...............# #.....
...............#########
................. ......
......o....?...# ######
.....oSs)......#
......go.......# ####
...............######...
........................
..............)#........
...............#.####...
...............#.# ##..#
...........))..#.###PP.P
..........)†....##.....


You could see an adder, 3 orcs and a goblin.


Message History

Unknown command.
The hobgoblin shouts!
You hit the iguana.
You hear an angry hiss.
An adder comes into view.
The iguana misses you.
The adder hisses angrily.
You hit the iguana but do no damage. The orc misses you. The iguana bites you!
An orc comes into view.
It is wielding a +0 short sword. 😮 HP[-8]
You take 8 damage, and now have 29/47 hp.
Unknown command.
The orc shouts!
You hit the iguana.
The iguana is poisoned.
You hear an angry hiss. 😮 MP[+1]
You hit the iguana but do no damage.
The iguana looks as sick as possible!
The orc closely misses you.
The iguana closely misses you. 😮 HP[+1] Unknown command.
You barely miss the iguana.
You kill the iguana!
The orc closely misses you.
Your Dodging skill increases to level 2!
Your Transmutations skill increases to level 5!
Casting: Spider Form (quite dangerous; 32% risk of failure)
Confirm with . or Enter, or press ? or * to list all spells.
Your blood is infused with primal strength.
The orc hits you with a +0 club.
A goblin comes into view. It is wielding a +0 club.
The hobgoblin barely misses you.
Your transformation is almost over.
The goblin shouts!
The orc misses you. The hobgoblin misses you.
The adder closely misses you. 😮 HP[-2] MP[-2]
You take 2 damage, and now have 28/47 hp.
You lost 2 mp, and now have 7/11 mp.
You hit the orc but do no damage.
The orc is poisoned.
The adder bites you but does no damage. The orc hits you with a +0 club.
The hobgoblin misses you.
An adder comes into view. 😮 HP[-1]
You take 1 damage, and now have 27/47 hp.
You hit the hobgoblin.
You feel a bit better.
You kill the hobgoblin!
The adder closely misses you. The orc hits you with a +0 club.
The adder bites you.
You are poisoned.
The adder poisons you! 😮 HP[-2]
You take 2 damage, and now have 25/47 hp.
You bite the adder!
The adder is poisoned.
You hiss as the wereblood boils in your veins!
You feel very sick.
You hear a shout!
The orc misses you.
An orc comes into view. It is wielding a +0 flail.
The orc closely misses you. The adder bites you.
* * * LOW HITPOINT WARNING * * *
You are more poisoned.
The adder poisons you! 😨 HP[-5]
You take 5 damage, and now have 20/47 hp.
You hit the adder.
You feel a bit better.
You kill the adder!
You feel very sick. The orc misses you. The orc completely misses you.
An orc comes into view. It is wielding a +0 hand axe. 😨 HP[-1]
You take 1 damage, and now have 19/47 hp.
You feel very sick.
The orc throws a boomerang.
The boomerang misses you.
The goblin completely misses you. 😨 HP[-3] MP[+1]
You take 3 damage, and now have 16/47 hp.
You completely miss the adder.
You hiss as the wereblood boils in your veins!
You feel sick.
You feel a bit better.
You kill the orc!
The adder bites you.
* * * LOW HITPOINT WARNING * * *
The goblin completely misses you. 😨 HP[-3]
You take 3 damage, and now have 13/47 hp.
You bite the adder!
You feel sick. The adder misses you. The orc hits you with a +0 short sword.
* * * LOW HITPOINT WARNING * * *
The goblin misses you.
The adder completely misses you. 😱 HP[-6]
You take 6 damage, and now have 7/47 hp.
You barely miss the adder.
* * * LOW HITPOINT WARNING * * *
You feel sick. The orc closely misses you. The goblin hits you with a +0 club.
* * * LOW HITPOINT WARNING * * *
The adder closely misses you. 😱 HP[-6]
You take 6 damage, and now have 1/47 hp.
It was a potion of brilliance.
You feel clever all of a sudden.
You die...

Skill      XL: |  1  2  3  4  5  6 |
---------------+-------------------+-----
Transmutations | 3 4 5 |  5.0
Poison Magic   | 1 2 |  2.0
Spellcasting   | 3 |  3.5
Ice Magic      | 1 |  1.1
Dodging        | 2 |  2.0
Fighting       | |  1.4
Unarmed Combat | |  3.3

Action                     |  1- 3 |  4- 6 || total
---------------------------+-------+-------++-------
  Melee: Unarmed           |    95 |   230 ||   325
         Kick              |    21 |    16 ||    37
         Headbutt          |    15 |     7 ||    22
         Punch             |     3 |     2 ||     5
         Tailslap          |    10 |    10 ||    20
   Cast: Beastly Appendage |    27 |    17 ||    44
         Spider Form       |       |    22 ||    22
         Wereblood         |       |     4 ||     4
    Use: Scroll            |     4 |     5 ||     9
         Potion            |       |     1 ||     1
   Stab: Sleeping          |     2 |     1 ||     3
 Armour: Skin              |    26 |    56 ||    82
  Dodge: Dodged            |    70 |   209 ||   279

Levels and vault maps discovered:
D:1:      saegor_arrival_simple_e, layout_loops_cross
D:2:      layout_basic, serial_shops, nicolae_shop_tiny_waterfront
D:3:      layout_loops_ring, dreamdust_ecumenical_altar_statues,
          gup_sewer_entry_spiral
D:4:      layout_basic, nicolae_hepliaklqana_hazy_memory

Notes
Turn   | Place    | Note
-------+----------+-------------------------------------------
     0 | D:1      | kae the Draconian Transmuter began the quest for the Orb.
     0 | D:1      | Reached XP level 1. HP: 16/16 MP: 3/3
     0 | D:1      | magus.rc [v1.11.3]
   221 | D:1      | Reached XP level 2. HP: 22/23 MP: 3/5
   412 | D:1      | Reached skill level 3 in Transmutations
   413 | D:1      | Upgraded the game from 0.31-a0-167-g1c394c0614 to
                  | 0.31-a0-174-g85c54bcb58
   413 | D:1      | magus.rc [v1.11.3]
   495 | D:1      | Reached XP level 3. HP: 22/28 MP: 4/6
   498 | D:1      | Learned a level 2 spell: Wereblood
   502 | D:1      | Learned a level 3 spell: Spider Form
   631 | D:1      | You pick up a book of Vapours and begin reading...
   631 | D:1      | You add the spells Poisonous Vapours, Mephitic Cloud and
                  | Freezing Cloud to your library.
  1148 | D:2      | You pick up a book of Changes and begin reading...
  1153 | D:2      | Found Suezy's Antique Armour Emporium.
  1348 | D:2      | Reached skill level 1 in Poison Magic
  1776 | D:2      | Reached XP level 4. HP: 29/35 MP: 6/8
  1919 | D:3      | Found a faded altar of an unknown god.
  2294 | D:3      | Found a glowing drain.
  2298 | Sewer    | Entered a sewer
  2345 | Sewer    | Reached skill level 2 in Poison Magic
  2412 | Sewer    | Reached skill level 3 in Spellcasting
  2412 | Sewer    | Reached skill level 4 in Transmutations
  2412 | Sewer    | Reached XP level 5. HP: 36/40 MP: 9/9
  2694 | Sewer    | HP: 10/40 [poisoned by an adder]
  2710 | Sewer    | HP: 10/40 [adder (3)]
  2855 | Sewer    | You add the spells Blink, Manifold Assault and Storm Form
                  | to your library.
  2992 | Sewer    | Learned a level 4 spell: Ice Form
  3556 | D:4      | Found a hazy altar of Hepliaklqana.
  3813 | D:4      | Reached XP level 6. HP: 38/47 MP: 5/11
  3890 | D:4      | Reached skill level 1 in Ice Magic
  3969 | D:4      | Reached skill level 2 in Dodging
  3969 | D:4      | Reached skill level 5 in Transmutations
  3977 | D:4      | HP: 11/47 [poisoned by an adder]
  3978 | D:4      | HP: 5/47 [poisoned by an adder]
  3978 | D:4      | HP: 1/47 [goblin/+0 club (4)]
  3979 | D:4      | Succumbed to an adder's poison

Vanquished Creatures
  A scorpion (D:4)
  A sleepcap (D:4)
  An iguana (D:4)
  A sickly merfolk siren (Sewer)
  A malarious merfolk avatar (Sewer)
  2 river rats
  9 adders
  A worm (D:3)
  3 dart slugs
  6 orcs
  3 bats (D:1)
  4 endoplasms
  12 giant cockroaches
  3 hobgoblins
  5 jackals
  6 kobolds
  9 quokkas
  12 ball pythons
  5 frilled lizards
  9 goblins
  27 rats
121 creatures vanquished.

Table legend:
 A = Non-vault XP
 B = Vault XP
 C = Vault XP percentage of total XP
 D = Non-vault monster count
 E = Vault monster count
 F = Vault count percentage of total count
                 A         B        C        D         E       F
            +---------+---------+-------+---------+---------+-------
      Total |     325 |     217 |  40.0 |      69 |      52 |  43.0
            +---------+---------+-------+---------+---------+-------
        D:1 |      47 |       0 |   0.0 |      25 |       0 |   0.0
        D:2 |      58 |       0 |   0.0 |      13 |       0 |   0.0
        D:3 |      32 |      40 |  55.6 |      17 |       7 |  29.2
        D:4 |     188 |       0 |   0.0 |      14 |       0 |   0.0
      Sewer |       0 |     177 | 100.0 |       0 |      45 | 100.0
            +---------+---------+-------+---------+---------+-------

Skill      XL: |  1  2  3  4  5  6 |
---------------+-------------------+-----
Transmutations | 3 4 5 |  5.0
Poison Magic   | 1 2 |  2.0
Spellcasting   | 3 |  3.5
Ice Magic      | 1 |  1.1
Dodging        | 2 |  2.0
Fighting       | |  1.4
Unarmed Combat | |  3.3

Action                     |  1- 3 |  4- 6 || total
---------------------------+-------+-------++-------
  Melee: Unarmed           |    95 |   230 ||   325
         Kick              |    21 |    16 ||    37
         Headbutt          |    15 |     7 ||    22
         Punch             |     3 |     2 ||     5
         Tailslap          |    10 |    10 ||    20
   Cast: Beastly Appendage |    27 |    17 ||    44
         Spider Form       |       |    22 ||    22
         Wereblood         |       |     4 ||     4
    Use: Scroll            |     4 |     5 ||     9
         Potion            |       |     1 ||     1
   Stab: Sleeping          |     2 |     1 ||     3
 Armour: Skin              |    26 |    56 ||    82
  Dodge: Dodged            |    70 |   209 ||   279

Illustrated notes

Table legend:
 A = Kills in this place as a percentage of kills in the entire game.
 B = Kills by you in this place as a percentage of kills by you in the entire game.
 C = Kills by friends in this place as a percentage of kills by friends in the entire game.
 D = Other kills in this place as a percentage of other kills in the entire game.
 E = Experience gained in this place as a percentage of experience gained in the entire game.
 F = Experience gained in this place divided by the number of levels of this place that you have seen.
                   A       B       C       D       E      F
               +-------+-------+-------+-------+-------+----------------------
         Total | 100.0 | 100.0 |   N/A |   N/A | 100.0 | 108.4
       Dungeon |  62.8 |  62.8 |   N/A |   N/A |  67.3 |  91.2
         Sewer |  37.2 |  37.2 |   N/A |   N/A |  32.7 | 177.0
               +-------+-------+-------+-------+-------+----------------------

Table legend: (Time is in decaauts)
 A = Elapsed time spent in this place.
 B = Non-inter-level travel time spent in this place.
 C = Inter-level travel time spent in this place.
 D = Time resting spent in this place.
 E = Time spent auto-exploring this place.
 F = Levels seen in this place.
 G = Mean time per level.
                   A        B        C        D        E       F      G
               +--------+--------+--------+--------+--------+-----+--------+
         Total |   4051 |   3931 |    120 |     55 |   2916 |   5 |  810.2 |
       Dungeon |   3309 |   3189 |    120 |      4 |   2558 |   4 |  827.2 |
         Sewer |    741 |    741 |      0 |     51 |    357 |   1 |  741.0 |
               +--------+--------+--------+--------+--------+-----+--------+

Top non-repeatable levels by time:
     D:2: 1082 daAuts
     D:3: 945 daAuts
     D:1: 787 daAuts
   Sewer: 741 daAuts
     D:4: 494 daAuts
